 Dungeon Crawl Stone Soup version 0.27-a0-1555-g0e7b3fb1d2 (webtiles) character file.

Game seed: 17416141911144499342

54 Morbidden the Skirmisher (level 3, 0/29 HPs)
             Began as a Demonspawn Fighter on July 15, 2021.
             Killed by divine providence
             ... invoked by an orc priest
              (12 damage)
             ... on level 3 of the Dungeon.
             The game lasted 00:01:22 (2129 turns).

Morbidden the Skirmisher (Demonspawn Fighter)       Turns: 2129, Time: 00:01:23

Health: 0/29       AC: 11    Str: 22    XL:     3   Next: 66%
Magic:  3/3        EV: 10    Int: 10    God:
Gold:   55         SH:  9    Dex: 12    Spells: 2/2 levels left

rFire    . . .     SeeInvis .   b - +1 dagger (drain)
rCold    . . .     Faith    .   c - +0 kite shield
rNeg     . . .     Spirit   .   k - +0 chain mail
rPois    .         Reflect  .   j - +0 helmet
rElec    .         Harm     .   g - +0 cloak
rCorr    .         Rampage  .   (no gloves)
Will     .....                  (no boots)
Stlth    ..........             (no amulet)
HPRegen  0.09/turn              l - +6 ring of strength
MPRegen  0.08/turn              (no ring)

@: agile
A: powered by pain 1, demonic magic 1
a: no special abilities


You were on level 3 of the Dungeon.
You visited 1 branch of the dungeon, and saw 3 of its levels.

You collected 55 gold pieces.

Inventory:

Hand Weapons
 a - a +0 long sword
 b - a +1 dagger of draining (weapon)
Armour
 c - a +0 kite shield (worn)
 g - a +0 cloak (worn)
 j - a +0 helmet (worn)
 k - a +0 chain mail (worn)
Jewellery
 l - a +6 ring of strength (left hand)
Scrolls
 e - 2 scrolls of identify {unknown}
 f - a scroll of teleportation {unknown}
 h - a scroll of magic mapping {unknown}
 m - 2 scrolls of enchant weapon {unknown}
 o - a scroll of enchant armour {unknown}
 p - a scroll of holy word {unknown}
Potions
 d - 2 potions of might
 i - 3 potions of curing {unknown}
 n - a potion of degeneration {unknown}


   Skills:
 + Level 3.2 Fighting
 + Level 0.2(1.5) Short Blades
 + Level 2.5(2.6) Long Blades
 + Level 3.0 Armour
 + Level 0.1 Dodging
 + Level 0.2 Stealth
 + Level 3.1 Shields


You had 2 spell levels left.
You didn't know any spells.
Your spell library was empty.

Dungeon Overview and Level Annotations

Branches:
Dungeon (3/15)

Altars:

Shops:
D:1 (


Innate Abilities, Weirdness & Mutations

You sometimes gain a little power by taking damage.
Spells you cast may paralyse adjacent enemies.


Message History

Unknown command.
You hit the orc priest but do no damage.
You drain the orc priest.
The orc priest is moderately wounded.
You block the orc priest's attack. The hobgoblin barely misses you.
A kobold comes into view. It is wielding a +0 dagger.
An orc comes into view. It is wielding a +0 short sword.
You closely miss the orc priest.
The orc priest is moderately wounded.
The orc priest hits you but does no damage.
The orc hits you but does no damage. The hobgoblin hits you.
The orc hits you but does no damage.
You closely miss the orc priest.
The orc priest is moderately wounded.
The orc priest invokes the aid of Beogh against you.
Beogh smites you!
You focus on the pain.
You feel agile all of a sudden. The orc hits you but does no damage.
You block the hobgoblin's attack. You block the orc's attack.
A jackal comes into view.
The hobgoblin hits you but does no damage.
The orc barely misses you. The orc priest barely misses you.
The jackal barks!
You barely miss the orc priest.
The orc priest is moderately wounded.
The orc hits you but does no damage. The orc hits you with a +0 hand axe.
The orc priest closely misses you. You block the hobgoblin's attack.
You block the orc's attack.
A rat comes into view.
You closely miss the orc priest.
The orc priest is moderately wounded.
The orc hits you but does no damage. You block the orc priest's attack.
You block the hobgoblin's attack. The orc barely misses you.
You hit the orc priest.
The orc priest is heavily wounded.
A jackal comes into view.
You block the orc's attack.
The orc priest calls down the wrath of Beogh upon you.
Beogh smites you!
You die...

#.#### ##.........###
#.....##....†......#
##...........†......#
#......#.#..........#
.......#.#..........#
.....................
.........#.........##
..............[......
#.....o@....!.###.###
###...oogK.....# .#
#..#.oh......#
##.#........... .
..........## .
...........# .#
#......r### #...###.h


You could see an orc priest (drained), 3 orcs, 2 jackals, a hobgoblin, a kobold
and a rat.

Vanquished Creatures
  2 adders
  A worm (D:2)
  A dart slug (D:1)
  A bat (D:1)
  An endoplasm (D:2)
  5 goblins
  3 hobgoblins
  3 jackals (D:2)
  A kobold (D:2)
  A quokka (D:2)
  4 ball pythons
  2 frilled lizards
  6 rats
31 creatures vanquished.

Notes
Turn   | Place    | Note
-------+----------+-------------------------------------------
     0 | D:1      | Morbidden the Demonspawn Fighter began the quest for the
                  | Orb.
     0 | D:1      | Reached XP level 1. HP: 18/18 MP: 1/1
    59 | D:1      | Found Naoshuz's Weapon Emporium.
   343 | D:1      | Gained mutation: You sometimes gain a little power by
                  | taking damage. [demonic ancestry]
   343 | D:1      | Reached XP level 2. HP: 24/24 MP: 2/2
  1282 | D:2      | Gained mutation: Spells you cast may paralyse adjacent
                  | enemies. [demonic ancestry]
  1282 | D:2      | Reached XP level 3. HP: 20/28 MP: 3/3
  2129 | D:3      | Killed from afar by an orc priest

Illustrated notes

Levels and vault maps discovered:
D:1:      sevenhm_arrival_forest_fort_large_2, layout_basic, serial_shops,
          nicolae_shop_stone
D:2:      layout_basic
D:3:      layout_rooms, minmay_quantized

Skill      XL: |  1  2  3 |
---------------+----------+-----
Long Blades    | 2 |  2.5
Shields        | 3 |  3.1
Armour         | 3 |  3.0
Fighting       | |  3.2
Short Blades   | |  0.2
Dodging        | |  0.1
Stealth        | |  0.2

Action                   || total
-------------------------++-------
Melee: Long sword        ||    50
       Dagger            ||    52
Armor: Scale mail        ||    21
       Chain mail        ||    29
Dodge: Dodged            ||    25
Block: Kite shield       ||    60
       Rpst.: Long sword ||     3

Table legend: (Time is in decaauts)
 A = Elapsed time spent in this place.
 B = Non-inter-level travel time spent in this place.
 C = Inter-level travel time spent in this place.
 D = Time resting spent in this place.
 E = Time spent auto-exploring this place.
 F = Levels seen in this place.
 G = Mean time per level.
                   A        B        C        D        E       F      G
               +--------+--------+--------+--------+--------+-----+--------+
         Total |   2162 |   2101 |     61 |      0 |   1835 |   3 |  720.7 |
       Dungeon |   2162 |   2101 |     61 |      0 |   1835 |   3 |  720.7 |
               +--------+--------+--------+--------+--------+-----+--------+

Top non-repeatable levels by time:
     D:1: 1074 daAuts
     D:2: 852 daAuts
     D:3: 236 daAuts
